 Dungeon Crawl Stone Soup version 0.31-a0-865-g3d5d91748a (webtiles) character file.

Game seed: 15336432985245260068

95 gelatine the Trooper (level 4, -1/34 HPs)
             Began as a Demonspawn Wanderer on Oct 11, 2023.
             Killed by nerve-wracking pain
             ... invoked by an orc priest
              (9 damage)
             ... on level 2 of the Dungeon.
             The game lasted 00:03:48 (871 turns).

gelatine the Trooper (Demonspawn Wanderer)           Turns: 871, Time: 00:03:48

Health: -1/34      AC:  6    Str: 13    XL:     4   Next: 40%
Magic:  6/6        EV: 11    Int: 15    God:
Gold:   63         SH:  0    Dex: 12    Spells: 4/5 levels left

rFire   . . .        h - +0 hand axe
rCold   . . .        (no shield)
rNeg    . . .        n - +0 leather armour
rPois   .            b - +0 helmet
rElec   .            (no cloak)
rCorr   .            (no gloves)
SInv    .            (no boots)
Will    .....        (no amulet)
Stlth   +            (no ring)
HPRegen 0.25/turn    (no ring)
MPRegen 0.10/turn

%: no passive effects
@: no status effects
A: icy blue scales 1, ignite blood 1, weakness stinger 1
a: no special abilities


You were on level 2 of the Dungeon.
You visited 1 branch of the dungeon, and saw 2 of its levels.

You collected 63 gold pieces.

Inventory:

Hand Weapons
 a - a +2 falchion
 h - a +0 hand axe (weapon)
 q - a +0 war axe
Missiles
 j - 4 boomerangs (quivered)
Armour
 b - a +0 helmet (worn)
 d - a +0 robe
 n - a +0 leather armour (worn)
Jewellery
 o - an amulet of reflection
Talismans
 r - a beast talisman
Wands
 p - a wand of charming (8)
Scrolls
 c - a scroll of silence
 e - a scroll of revelation {unknown}
 g - a scroll of blinking {unknown}
 i - a scroll of noise {unknown}
 l - a scroll of teleportation {unknown}
Potions
 f - a potion of berserk rage {unknown}
 k - a potion of might {unknown}
 m - a potion of haste {unknown}


   Skills:
 * Level 2.6 Fighting
 + Level 2.0 Long Blades
 * Level 1.8 Axes
 * Level 0.4 Throwing
 * Level 1.1 Armour
 * Level 1.2 Dodging
 * Level 0.4 Stealth
 * Level 1.4 Spellcasting
 * Level 2.2 Earth Magic
 * Level 1.4 Evocations


You had 4 spell levels left.
You knew the following spells:

 Your Spells              Type           Power      Damage    Failure   Level
a - Sandblast             Erth           14%        2d6       12%         1

Your spell library contained the following spells:

 Spells                   Type           Power      Damage    Failure   Level
 Passwall                 Tmut/Erth      3%         N/A       28%         2
 Stone Arrow              Conj/Erth      8%         3d7       50%         3
 Brom's Barrelling Bould  Conj/Erth      4%         2d3       88%         4


Dungeon Overview and Level Annotations

Branches:
Dungeon (2/15)

Altars:


Innate Abilities, Weirdness & Mutations

You are partially covered in icy blue scales. (AC +2)
Your demonic aura sometimes causes spilled blood to erupt in flames.
You have a small tail.


Message History

An orc comes into view.
It is wielding a +0 whip and wearing a +2 leather armour of positive energy.
An orc comes into view. It is wielding a +0 club.
The orc is engulfed in blazing flames.
You kill the orc!
The orc priest invokes the aid of Beogh against you.
Pain shoots through your body!
You throw a boomerang. The orc shouts!
The boomerang hits the bat.
You kill the bat!
You closely miss the orc priest.
The orc priest casts a cantrip, but nothing happens.
An orc comes into view. It is wielding a +0 hand axe.
The orc priest hits you with a +0 falchion.
You hit the orc but do no damage. You tail-slap the orc.
The orc is lightly wounded.
You barely miss the orc priest. The orc barely misses you.
The orc priest closely misses you.
You hit the orc.
You kill the orc!
You hit the orc priest. The orc priest misses you.
You barely miss the orc priest.
The orc priest is lightly wounded.
The orc priest hits you with a +0 falchion.
You hit the orc priest but do no damage.
Your tail-slap misses the orc priest.
The orc priest is lightly wounded.
You hit the orc but do no damage. The orc priest barely misses you.
The orc hits you but does no damage.
The orc priest hits you with a +0 falchion.
The orc hits you but does no damage.
You hit the orc priest.
You tail-slap the orc priest, but do no damage.
The orc priest is moderately wounded.
You hit the orc. You closely miss the orc. The orc barely misses you.
The orc hits you with a +0 whip.
* * * LOW HITPOINT WARNING * * *
The orc priest calls down the wrath of Beogh upon you.
Pain shoots through your body!
You die...

..# ..#### # #..... ..
.†...# ..#.. ....##.
.)<..# #....# ....#. .
...†.# #...##..... ..
..)..# #.....#...##.._
.....# ##.....†........
.....## ........).......
......##........@oo.....
....)....####...oo......
.....##.................
###.###.####............
#..#..#.......#.......
####............###.....
...........##....# ####.
...........##.##.#
...............#.#


You could see an orc priest and 3 orcs.

Vanquished Creatures
  An orc priest (D:2)
  An adder (D:2)
  A worm (D:2)
  2 dart slugs (D:2)
  4 orcs
  4 ball pythons (D:1)
  2 endoplasms (D:1)
  A giant cockroach (D:1)
  7 goblins
  7 hobgoblins
  4 kobolds
  5 bats
  2 frilled lizards
  A rat (D:1)
42 creatures vanquished.

Notes
Turn   | Place    | Note
-------+----------+-------------------------------------------
     0 | D:1      | gelatine the Demonspawn Wanderer began the quest for the
                  | Orb.
     0 | D:1      | gelatine set off with the following items: a +2 falchion, a
                  | +0 helmet, a scroll of silence, a +0 robe; and the
                  | following spell memorised: Sandblast; and the following
                  | spells available to memorise: Stone Arrow.
     0 | D:1      | Reached XP level 1. HP: 16/16 MP: 2/2
   193 | D:1      | Gained mutation: You are partially covered in icy blue
                  | scales. (AC +2) [demonic ancestry]
   193 | D:1      | Reached XP level 2. HP: 22/22 MP: 3/3
   604 | D:1      | Reached skill level 1 in Axes
   604 | D:1      | Gained mutation: You have a small tail. [demonic ancestry]
   604 | D:1      | Reached XP level 3. HP: 28/28 MP: 4/4
   773 | D:2      | Gained mutation: Your demonic aura sometimes causes spilled
                  | blood to erupt in flames. [demonic ancestry]
   773 | D:2      | Reached XP level 4. HP: 33/34 MP: 6/6
   858 | D:2      | Found a faded altar of an unknown god.
   871 | D:2      | Killed from afar by an orc priest

Illustrated notes

Levels and vault maps discovered:
D:1:      dpeg_arrival_simpleton_a, layout_basic
D:2:      layout_rooms, dreamdust_ecumenical_altar_statues, minmay_pentomino_q4

Skill      XL: |  1  2  3 |
---------------+----------+-----
Long Blades    | 2 |  2.0
Axes           | 1 |  1.8
Earth Magic    | 2 |  2.2
Fighting       | |  2.6
Throwing       | |  0.4
Armour         | |  1.1
Dodging        | |  1.2
Stealth        | |  0.4
Spellcasting   | |  1.4
Evocations     | |  1.4

Action                     |  1- 3 |  4- 6 || total
---------------------------+-------+-------++-------
  Melee: Hand axe          |    89 |    25 ||   114
         Falchion          |     4 |       ||     4
         Punch             |     1 |     1 ||     2
         Tailslap          |     4 |     7 ||    11
  Throw: Boomerang         |    11 |     3 ||    14
   Stab: Sleeping          |     1 |       ||     1
 Armour: Robe              |    48 |       ||    48
         Leather armour    |    15 |    26 ||    41
  Dodge: Dodged            |    58 |    18 ||    76

Table legend: (Time is in decaauts)
 A = Elapsed time spent in this place.
 B = Non-inter-level travel time spent in this place.
 C = Inter-level travel time spent in this place.
 D = Time resting spent in this place.
 E = Time spent auto-exploring this place.
 F = Levels seen in this place.
 G = Mean time per level.
                   A        B        C        D        E       F      G
               +--------+--------+--------+--------+--------+-----+--------+
         Total |    905 |    892 |     13 |      0 |    556 |   2 |  452.5 |
       Dungeon |    905 |    892 |     13 |      0 |    556 |   2 |  452.5 |
               +--------+--------+--------+--------+--------+-----+--------+

Top non-repeatable levels by time:
     D:1: 715 daAuts
     D:2: 189 daAuts
